Map: Catalyst LE

Players

PartinG

  • Race: Protoss Protoss
  • Spawn Location: 11:00

Zest - Winner!

  • Race: Protoss Protoss
  • League: Master
  • Spawn Location: 5:00

Event: HomeStory Cup XVII

VOD

Have the link to the VOD?

Description

Time

  • Played on: July 1, 2018, 7:41 a.m.
  • Length: 6:56

All games in this series

Show
View Real Time Build Order
Export as new Build Order

PartinG Protoss 

Build Orders: Oracle Opening, Phoenix Opening 

Get SALT Encoding   

  12  0:00  Probe  
  13  0:13  Probe  
  14  0:17  Pylon  
  14  0:24  Probe  
  15  0:32  Probe  
  15  0:38  Gateway  
  15  0:40  Probe  
  16  0:46  Assimilator  
  17  0:50  Probe  
  17  0:54  Assimilator  
  18  0:58  Probe  
  19  1:07  Probe  
  19  1:08  Gateway  
  20  1:18  Probe  
  21  1:25  Cybernetics Core  
  21  1:30  Probe  
  22  1:36  Pylon  
  22  1:42  Probe  
  23  1:54  Probe  
  23  2:00  Pylon  
  24  2:02  Sentry, Stalker  
  24  2:06  Warp Gate  
  28  2:28  Stargate  
  28  2:34  Stalker  
  28  2:36  Shield Battery  
  30  2:41  Stalker  
  32  3:04  Oracle  
  32  3:12  Nexus  
  35  3:22  Shield Battery  
  35  3:24  Probe  
  35  3:34  Shield Battery  
  35  3:39  Pylon  
  35  3:47  Phoenix  
  37  3:56  Probe  
  38  4:10  Stalker x2  
  42  4:17  Pylon  
  42  4:23  Twilight Council  
  42  4:26  Pylon  
  42  4:31  Blink  
  42  4:44  Probe  
  43  4:58  Nexus  
  43  5:00  Stalker  
  43  5:01  Stalker  
  47  5:17  Gateway  
  47  5:25  Stalker x2  
  51  5:31  Gateway  
  51  5:40  Shield Battery  
  49  5:52  Pylon  
  49  5:54  Pylon  
  47  6:05  Shield Battery x2  
  47  6:12  Stalker  
  49  6:19  Cybernetics Core  
  32  6:33  Zealot  
  32  6:39  Zealot  
Show
View Real Time Build Order
Export as new Build Order

Zest Protoss - Winner!

Build Orders:  

Get SALT Encoding   

  12  0:00  Probe  
  13  0:12  Probe  
  14  0:17  Pylon  
  14  0:24  Probe  
  15  0:32  Probe  
  15  0:37  Gateway  
  15  0:40  Probe  
  16  0:46  Assimilator  
  17  0:51  Probe  
  17  0:55  Assimilator  
  18  1:00  Probe  
  19  1:08  Gateway, Probe  
  19  1:17  Probe  
  20  1:24  Cybernetics Core  
  21  1:29  Probe  
  22  1:35  Pylon  
  22  1:41  Probe, Warp Gate  
  23  1:54  Probe  
  24  2:00  Stalker x2  
  28  2:12  Pylon  
  28  2:30  Stalker x2  
  28  2:35  Gateway  
  31  2:46  Robotics Facility  
  31  2:51  Probe  
  32  3:00  Stalker  
  32  3:05  Stalker  
  36  3:14  Pylon  
  37  3:34  Observer  
  37  3:35  Shield Battery  
  37  3:45  Stalker x3  
  43  3:51  Pylon  
  43  4:06  Warp Prism  
  45  4:23  Stalker  
  47  4:28  Stalker  
  49  4:54  Stalker  
  49  4:55  Stalker x2  
  55  5:00  Pylon  
  55  5:28  Stalker x3  
  61  5:48  Pylon  
  61  6:04  Stalker  
  61  6:06  Immortal  
  61  6:07  Stalker  
  61  6:11  Stalker  
  67  6:44  Stalker x3  
Tags
 
Add a new tag
Caveats
  • Supply blocks, unpowered buildings, or Contaminate may cause inaccurate times.
  • Supply counts are checked every 10 seconds.